 Dungeon Crawl Stone Soup version 0.23.2 (webtiles) character file.

Game seed: 585998729235738607

30 AngleWyrm the Ducker (level 3, -4/24 HPs)
             Began as a Merfolk Fire Elementalist on Apr 20, 2019.
             Slain by Terence
             ... wielding a +0 flail
              (10 damage)
             ... on level 2 of the Dungeon on Apr 21, 2019.
             The game lasted 00:17:01 (1910 turns).

AngleWyrm the Ducker (Merfolk Fire Elementalist)    Turns: 1910, Time: 00:17:01

Health: -4/24      AC:  2    Str:  8    XL:     3   Next: 20%
Magic:  1/6        EV: 13    Int: 15    God:
Gold:   51         SH:  0    Dex: 14    Spells: 3/6 levels left

rFire    . . .     SeeInvis .   e - +0 short sword
rCold    . . .     Gourm    .   (no shield)
rNeg     . . .     Faith    .   a - +0 robe
rPois    .         Spirit   .   (no helmet)
rElec    .         Reflect  .   (no cloak)
rCorr    .         Harm     .   (no gloves)
MR       .....                  (no boots)
Stlth    ++........             (no amulet)
HPRegen  0.08/turn              (no ring)
MPRegen  0.10/turn              (no ring)

@: no status effects
A: change form in water, swift swim, stealthy swim
a: no special abilities


You were on level 2 of the Dungeon.
You were not hungry.

You visited 1 branch of the dungeon, and saw 2 of its levels.

You collected 51 gold pieces.

Inventory:

Hand Weapons
 e - a +0 short sword (weapon)
Armour
 a - a +0 robe (worn)
Scrolls
 b - a scroll of enchant armour {unknown}
 f - 3 scrolls of noise {unknown}
Potions
 g - a potion of invisibility {unknown}
Comestibles
 c - 3 rations


   Skills:
 * Level 0.4 Short Blades
 * Level 0.5 Throwing
 + Level 3.0 Dodging
 + Level 2.2 Stealth
 + Level 2.2 Spellcasting
 + Level 1.1 Conjurations
 + Level 2.6 Fire Magic


You had 3 spell levels left.
You knew the following spells:

 Your Spells              Type           Power        Failure   Level  Hunger
a - Flame Tongue          Conj/Fire      #....        10%         1    #......
b - Throw Flame           Conj/Fire      #.....       16%         2    ###....

Your spell library contained the following spells:

 Spells                   Type           Power        Failure   Level  Hunger
 Conjure Flame            Conj/Fire      #.......     30%         3    ###....
 Inner Flame              Hex/Fire       #.......     36%         3    ###....
 Sticky Flame             Conj/Fire      #.......     69%         4    #####..
 Fireball                 Conj/Fire      #.........   95%         5    ######.


Dungeon Overview and Level Annotations

Branches:
Dungeon (2/15)

Altars:

Annotations:
D:2 Terence


Message History

Press: ? - help, Shift-Dir - straight line, f/p - Terence
Aim: Terence, wielding a +0 flail and wearing a cursed +0 scale mail The flame tongue misses Terence.
Terence closely misses you.
You open the door. Terence hits you with a +0 flail.
Casting: Flame Tongue (safe; 10% risk of failure)
Confirm with . or Enter, or press ? or * to list all spells.
Aiming: Flame Tongue (safe; 10% risk of failure)
Press: ? - help, Shift-Dir - straight line, f/p - Terence
Aim: Terence, wielding a +0 flail and wearing a cursed +0 scale mail The flame tongue hits Terence.
Terence is moderately wounded.
Terence hits you with a +0 flail!
* * * LOW HITPOINT WARNING * * *
Your magical contamination has completely faded away.
There is an open door here.
Terence says, "How do you enjoy it?"
There is a stone staircase leading down here.
Terence hits you with a +0 flail!
You die...

.# #.# #.# ##### #.# ##.<.#
#.# ##..... ### #.#
######......
##.########.####........)..
##...##....@..#.....##......
##.....#.###@..#.#.#.###.....
##........#.........#.##......
#...........#...#.###.#...#.##
##........####..#[....#.#...#
##.....#.####..#######...###
##...##.......# ##...
##.########'## #.# ##...##


You could see Terence.

Vanquished Creatures
  2 dart slugs (D:1)
  3 leopard geckos
  A giant cockroach (D:1)
  A goblin (D:2)
  5 hobgoblins
  2 bats
  5 kobolds
  4 rats (D:1)
23 creatures vanquished.

Notes
Turn   | Place    | Note
-------+----------+-------------------------------------------
     0 | D:1      | AngleWyrm the Merfolk Fire Elementalist began the quest for
                  | the Orb.
     0 | D:1      | Reached XP level 1. HP: 13/13 MP: 3/3
   131 | D:1      | Reached XP level 2. HP: 7/19 MP: 0/5
  1139 | D:1      | Reached skill level 1 in Conjurations
  1633 | D:1      | Reached XP level 3. HP: 24/24 MP: 3/6
  1665 | D:1      | Learned a level 2 spell: Throw Flame
  1671 | D:2      | Reached skill level 3 in Dodging
  1849 | D:2      | Noticed Terence
  1910 | D:2      | Slain by Terence

Skill      XL: |  1  2  3 |
---------------+----------+-----
Conjurations   | 1 |  1.1
Dodging        | 3 |  3.0
Short Blades   | |  0.4
Throwing       | |  0.5
Stealth        | |  2.2
Spellcasting   | |  2.2
Fire Magic     | |  2.6

Action                   || total
-------------------------++-------
Melee: Short sword       ||    54
Throw: Stone             ||    15
 Cast: Flame Tongue      ||    27
       Throw Flame       ||     6
  Eat: Chunk             ||     4
Armor: Robe              ||    15
Dodge: Dodged            ||    54
